 Dungeon Crawl Stone Soup version 0.32-a0-872-g59262bdc9b (webtiles) character file.

Game seed: 17305158379925566803

5 601d51SH the Covert (level 1, 0/23 HPs)
             Began as a Gnoll Delver on Mar 31, 2024.
             Slain by an adder (1 damage)
             ... on level 4 of the Dungeon.
             The game lasted 00:01:08 (217 turns).

601d51SH the Covert (Gnoll Delver)                   Turns: 217, Time: 00:01:08

Health: 0/23       AC:  3    Str: 11    XL:     1   Next: 80%
Magic:  1/1        EV: 12    Int:  9    God:
Gold:   15         SH:  0    Dex: 13    Spells: 0/0 levels left

rFire   . . .        a - +0 spear
rCold   . . .        (no shield)
rNeg    . . .        b - +0 leather armour
rPois   .            (no helmet)
rElec   .            (no cloak)
rCorr   .            (no gloves)
SInv    .            (no boots)
Will    .....        (no amulet)
Stlth   ++++         (no ring)
HPRegen 0.23/turn    (no ring)
MPRegen 0.07/turn

%: no passive effects
@: no status effects
A: fangs 1, strong nose, distributed training
a: Convert to Beogh


You were on level 4 of the Dungeon.
You visited 1 branch of the dungeon, and saw 2 of its levels.

You collected 15 gold pieces.

Inventory:

Hand Weapons
 a - a +0 spear (weapon)
Armour
 b - a +0 leather armour (worn)
Wands
 g - a wand of digging (3)
Scrolls
 c - a scroll of fog
 d - a scroll of revelation
 e - a scroll of fear
Potions
 f - a potion of haste


   Skills:
 + Level 6.4 Fighting
 + Level 0.1 Short Blades
 + Level 0.1 Long Blades
 + Level 0.1 Axes
 + Level 0.1 Maces & Flails
 + Level 4.4 Polearms
 + Level 0.1 Staves
 + Level 0.1 Ranged Weapons
 + Level 0.1 Throwing
 + Level 0.1 Armour
 + Level 4.4 Dodging
 + Level 9.5 Stealth
 + Level 0.1 Shields
 + Level 0.1 Unarmed Combat
 + Level 0.1 Spellcasting
 + Level 0.1 Conjurations
 + Level 0.1 Hexes
 + Level 0.1 Summonings
 + Level 0.1 Necromancy
 + Level 0.1 Translocations
 + Level 0.1 Fire Magic
 + Level 0.1 Ice Magic
 + Level 0.1 Air Magic
 + Level 0.1 Earth Magic
 + Level 0.1 Alchemy
 + Level 0.2 Invocations
 + Level 0.1 Evocations
 + Level 0.1 Shapeshifting


You couldn't memorise any spells.
You didn't know any spells.
Your spell library was empty.

Dungeon Overview and Level Annotations

Branches:
Dungeon (5/15)
 Temple: D:4-7

Altars:
Uskayaw

Shops:
D:4 (


Innate Abilities, Weirdness & Mutations

You have very sharp teeth.
Your uncanny sense of smell can sniff out nearby items.
Your experience applies equally to all skills.


Message History

* * * LOW HITPOINT WARNING * * *
You hit the giant cockroach.
You kill the giant cockroach!
You hear the slow rusting of a very distant drain.
A black bear comes into view.
Found a stone staircase leading up.
There is a stone staircase leading up here.
You hear the slow rusting of a distant drain.
You hear the slow rusting of a very distant drain.
An adder comes into view.
The adder moves out of view.
An orc comes into view. It is wielding a +0 hand axe.
An orc wizard and 2 orcs come into view.
The orc wizard shouts!
The adder hisses angrily.
You hear a shout!
The orc wizard moves out of view.
The orc shouts! x2
An orc priest comes into view. It is wielding a +0 hand axe.
The orc priest shouts!
You hear an angry growl.
The orc hits you but does no damage. The orc barely misses you.
You hit the adder but do no damage. The orc hits you but does no damage.
The orc priest calls down the wrath of Beogh upon you.
Beogh smites you!
Ouch! That really hurt!
The adder barely misses you.
The orc priest threatens, "Beogh's wrath is as vast as their mercy.
Make your choice!" (press Y on the ability menu to convert to Beogh)
You completely miss the adder. Your bite misses the adder.
The adder bites you but does no damage.
You barely miss the adder. The adder bites you.
The orc hits you with a +0 club.
* * * LOW HITPOINT WARNING * * *
The orc hits you with a +0 falchion.
* * * LOW HITPOINT WARNING * * *
You barely miss the adder. The adder misses you.
The orc hits you with a +0 club.
* * * LOW HITPOINT WARNING * * *
The orc barely misses you.
You hit the adder but do no damage. The adder bites you.
You die...

##...##
##.### #.#
#.# # #+# .#
#####.#
#.So..#
####@#...###
#...oo.o....
#.##.#...###
# #.##..#
#.# #.# #
#.# .#
#.##.###.#
#+#
#........#
#.###
####.#####
#.#..


You could see an orc priest, an adder and 3 orcs.

Vanquished Creatures
  A dart slug (D:4)
  A giant cockroach (D:4)
  A goblin (D:4)
3 creatures vanquished.

Notes
Turn   | Place    | Note
-------+----------+-------------------------------------------
     0 | D:5      | Reached skill level 9 in Stealth
     0 | D:5      | 601d51SH the Gnoll Delver began the quest for the Orb.
     0 | D:5      | Reached XP level 1. HP: 23/23 MP: 1/1
    35 | D:5      | Noticed an iguana
    40 | D:4      | Found a hide-covered altar of Uskayaw.
    47 | D:4      | Found Wub Pegu's Antique Weapon Boutique.
    51 | D:4      | Noticed a scorpion
   101 | D:4      | Noticed a black bear
   210 | D:4      | Noticed an orc wizard
   211 | D:4      | Noticed an orc priest
   216 | D:4      | HP: 1/23 [orc/+0 club (1)]
   217 | D:4      | Slain by an adder

Illustrated notes

Levels and vault maps discovered:
D:4:      layout_loops_corners, mainiacjoe_overflow_alcove_4,
          mainiacjoe_overflow_catwalk, gup_sewer_entry_bowl, serial_shops,
          shop_fountains, minmay_starry_boxes
D:5:      layout_loops_corners, uniq_edmund

Skill      XL: | |
---------------+-+-----
Stealth        | |  9.5
Fighting       | |  6.4
Short Blades   | |  0.1
Long Blades    | |  0.1
Axes           | |  0.1
Maces & Flails | |  0.1
Polearms       | |  4.4
Staves         | |  0.1
Ranged Weapons | |  0.1
Throwing       | |  0.1
Armour         | |  0.1
Dodging        | |  4.4
Shields        | |  0.1
Unarmed Combat | |  0.1
Spellcasting   | |  0.1
Conjurations   | |  0.1
Hexes          | |  0.1
Summonings     | |  0.1
Necromancy     | |  0.1
Translocations | |  0.1
Fire Magic     | |  0.1
Ice Magic      | |  0.1
Air Magic      | |  0.1
Earth Magic    | |  0.1
Alchemy        | |  0.1
Invocations    | |  0.2
Evocations     | |  0.1
Shapeshifting  | |  0.1

Action                     || total
---------------------------++-------
  Melee: Spear             ||    17
         Bite              ||     2
   Stab: Sleeping          ||     1
 Armour: Leather armour    ||    16
  Dodge: Dodged            ||    21

Table legend: (Time is in decaauts)
 A = Elapsed time spent in this place.
 B = Non-inter-level travel time spent in this place.
 C = Inter-level travel time spent in this place.
 D = Time resting spent in this place.
 E = Time spent auto-exploring this place.
 F = Levels seen in this place.
 G = Mean time per level.
                   A        B        C        D        E       F      G
               +--------+--------+--------+--------+--------+-----+--------+
         Total |    214 |    184 |     30 |      0 |      0 |   2 |  107.0 |
       Dungeon |    214 |    184 |     30 |      0 |      0 |   2 |  107.0 |
               +--------+--------+--------+--------+--------+-----+--------+

Top non-repeatable levels by time:
     D:4: 174 daAuts
     D:5: 40 daAuts
